 Dungeon Crawl Stone Soup version 0.31-a0-654-gbe3e110b4e (webtiles) character file.

Game seed: 10029834804651074714

206 dondy the Digger (level 5, -2/28 HPs)
             Began as a Gargoyle Earth Elementalist on Aug 29, 2023.
             Slain by a mummy (10 damage)
             ... in an ossuary.
             The game lasted 00:06:30 (3126 turns).

dondy the Digger (Gargoyle Earth Elementalist)      Turns: 3126, Time: 00:06:31

Health: -2/28      AC:  6    Str: 12    XL:     5   Next: 84%
Magic:  6/10       EV: 11    Int: 17    God:
Gold:   193        SH:  0    Dex: 10    Spells: 7/11 levels left

rFire   . . .        (no weapon)
rCold   . . .        (no shield)
rNeg    + . .        a - +0 robe
rPois   ∞            (no helmet)
rElec   +            (no cloak)
rCorr   .            (no gloves)
SInv    .            (no boots)
Will    .....        (no amulet)
Stlth   ++           (no ring)
HPRegen 0.24/turn    (no ring)
MPRegen 0.12/turn

%: no passive effects
@: no status effects
A: sickness immunity, AC +4, negative energy resistance 1, electricity
resistance, torment resistance 1, petrification resistance
a: no special abilities


You were in an ossuary.
You visited 1 branch of the dungeon, and saw 4 of its levels.
You also visited: Ossuary.

You collected 193 gold pieces.

Inventory:

Missiles
 g - 4 javelins
 l - 11 poisoned darts
 r - 2 boomerangs
Armour
 a - a +0 robe (worn)
Wands
 s - a wand of flame (16)
Scrolls
 d - a scroll of enchant weapon {unknown}
 h - a scroll of fog {unknown}
 i - a scroll of revelation {unknown}
 j - a scroll of teleportation {unknown}
 p - a scroll of silence {unknown}
 t - a scroll of identify
Potions
 b - a potion of magic
 c - 4 potions of curing
 e - a potion of mutation {unknown}
 f - 2 potions of attraction
 k - a potion of might {unknown}
 m - 2 potions of enlightenment
 n - a potion of degeneration {unknown}
 o - 3 potions of haste
 q - a potion of heal wounds {unknown}


   Skills:
 - Level 1.5 Dodging
 - Level 2.1 Stealth
 + Level 3.6 Spellcasting
 + Level 2.7 Conjurations
 - Level 0.7 Transmutations
 + Level 5.4 Earth Magic


You had 7 spell levels left.
You knew the following spells:

 Your Spells              Type           Power      Damage    Failure   Level
a - Sandblast             Erth           42%        2d11      1%          1
b - Stone Arrow           Conj/Erth      32%        3d9       10%         3

Your spell library contained the following spells:

 Spells                   Type           Power      Damage    Failure   Level
 Passwall                 Tmut/Erth      10%        N/A       7%          2
 Petrify                  Tmut/Erth      13%        N/A       41%         4


Dungeon Overview and Level Annotations

Branches:
Dungeon (4/15)            Ossuary (1/1)
 Temple: D:4-7

Altars:


Innate Abilities, Weirdness & Mutations

You are immune to sickness and miasma.
Your stone body is resilient. (AC +4)
You are immune to poison.
You resist negative energy. (rN+)
You are resistant to electric shocks. (rElec)
You are resistant to unholy torment.
You are immune to petrification.


Message History

The adder zombie closely misses you.
The elf zombie attacks as it pursues you!
The elf zombie completely misses you.
A mummy comes into view.
Found four items.
The adder zombie attacks as it pursues you!
The adder zombie barely misses you.
The elf zombie attacks as it pursues you!
The elf zombie hits you.
Found a gate leading back out of this place.
The adder zombie barely misses you.
The adder zombie attacks as it pursues you!
The adder zombie barely misses you.
The blast of sand hits the adder zombie!
You destroy the adder zombie!
The blast of sand hits the mummy!
The mummy is moderately damaged.
The blast of sand misses the mummy.
The blast of sand hits the kobold zombie!
You destroy the kobold zombie!
The mummy barely misses you.
The blast of sand hits the mummy!
The mummy is severely damaged.
The hobgoblin zombie barely misses you. The mummy barely misses you.
The hobgoblin zombie hits you but does no damage.
The blast of sand hits the mummy but does no damage.
The mummy is severely damaged.
The mummy hits you!
Ouch! That really hurt!
* * * LOW HITPOINT WARNING * * *
The hobgoblin zombie hits you but does no damage.
You are too injured to fight recklessly!
Unknown command.
A mummy comes into view.
Found a lumpy orange potion.
Found 2 potions of curing, 2 smoky emerald potions and a fizzy black potion.
You hit the elf zombie but do no damage.
The elf zombie closely misses you. The mummy hits you!
You die...

..............##.....#
.....................#
..................ZZ.#
..................#Z.#
.................##ZZ#
......∩..........##.Z#
......∩........ZZ##ZM#
..................#MZ#
................@M...#
..............##.....#
..............##.....#
.....................#
.....................#
.......#+##
.......#!!#
.......#!!#


You could see 2 mummies, a goblin zombie, a gnoll zombie and an elf zombie.

Vanquished Creatures
  A hound (D:3)
  An iguana (D:3)
  A mummy (D:4)
  A gnoll (D:1)
  6 adders
  An adder zombie (Ossuary)
  A dart slug (D:3)
  8 orcs (D:3)
  A bat (D:1)
  7 endoplasms
  4 giant cockroaches
  5 goblins
  5 hobgoblins
  3 quokkas
  6 ball pythons
  3 frilled lizards
  6 kobolds
  A kobold zombie (Ossuary)
  4 rats
65 creatures vanquished.

Notes
Turn   | Place    | Note
-------+----------+-------------------------------------------
     0 | D:1      | dondy the Gargoyle Earth Elementalist began the quest for
                  | the Orb.
     0 | D:1      | Reached XP level 1. HP: 10/10 MP: 3/3
   163 | D:1      | Reached XP level 2. HP: 15/15 MP: 3/5
   207 | D:1      | Reached skill level 4 in Earth Magic
   506 | D:1      | Reached XP level 3. HP: 18/19 MP: 2/6
   510 | D:1      | Learned a level 3 spell: Stone Arrow
  1210 | D:2      | Reached skill level 1 in Conjurations
  1297 | D:2      | Reached XP level 4. HP: 24/24 MP: 6/8
  2257 | D:3      | Reached skill level 5 in Earth Magic
  2257 | D:3      | Reached XP level 5. HP: 19/28 MP: 2/10
  3058 | D:4      | Found a sand-covered staircase.
  3099 | Ossuary  | Entered an ossuary
  3126 | Ossuary  | Slain by a mummy

Illustrated notes

Levels and vault maps discovered:
D:1:      psy_arrival_statuary, layout_loops_corners, nicolae_grassy_gnolls
D:2:      layout_loops_ring, grunt_ministairs_11
D:3:      layout_loops_ring, minmay_close_crescents
D:4:      layout_loops_ring, lemuel_coloured_pillars_altar,
          gup_ossuary_entry_pyramid, minmay_hedge_maze,
          kennysheep_decorative_pillar, uniq_pikel
Ossuary:  ossuary_minmay_tomb_2a

Skill      XL: |  1  2  3  4 |
---------------+-------------+-----
Earth Magic    | 4 5 |  5.4
Conjurations   | 1 2 |  2.7
Spellcasting   | 3 |  3.6
Dodging        | |  1.5
Stealth        | |  2.1
Transmutations | |  0.7

Action                     |  1- 3 |  4- 6 || total
---------------------------+-------+-------++-------
  Melee: Unarmed           |       |     1 ||     1
   Cast: Sandblast         |    37 |    68 ||   105
    Use: Scroll            |       |     4 ||     4
         Potion            |       |     1 ||     1
 Armour: Robe              |     2 |    15 ||    17
  Dodge: Dodged            |     6 |    39 ||    45

Table legend: (Time is in decaauts)
 A = Elapsed time spent in this place.
 B = Non-inter-level travel time spent in this place.
 C = Inter-level travel time spent in this place.
 D = Time resting spent in this place.
 E = Time spent auto-exploring this place.
 F = Levels seen in this place.
 G = Mean time per level.
                   A        B        C        D        E       F      G
               +--------+--------+--------+--------+--------+-----+--------+
         Total |   3177 |   3127 |     50 |    437 |   2292 |   5 |  635.4 |
       Dungeon |   3147 |   3097 |     50 |    437 |   2292 |   4 |  786.8 |
       Ossuary |     29 |     29 |      0 |      0 |      0 |   1 |   29.0 |
               +--------+--------+--------+--------+--------+-----+--------+

Top non-repeatable levels by time:
     D:1: 1140 daAuts
     D:2: 940 daAuts
     D:3: 907 daAuts
     D:4: 160 daAuts
 Ossuary: 29 daAuts
